 Dungeon Crawl Stone Soup version 0.22.1-1-ga44c0e5 (webtiles) character file.

47 miragecloak the Changer (level 3, 0/28 HPs)
             Began as a Draconian Transmuter on Oct 22, 2018.
             Succumbed to an adder's poison
             ... on level 2 of the Dungeon.
             The game lasted 00:01:46 (1322 turns).

miragecloak the Changer (Draconian Transmuter)      Turns: 1322, Time: 00:01:47

Health: 0/28       AC:  6    Str: 14    XL:     3   Next: 48%
Magic:  5/6        EV: 13    Int: 13    God:
Gold:   26         SH:  0    Dex: 12    Spells: 2/6 levels left

rFire    . . .     SeeInvis .     - Unarmed
rCold    . . .     Gourm    .   (no shield)
rNeg     . . .     Faith    .   (armour unavailable)
rPois    .         Spirit   .   (helmet restricted)
rElec    .         Reflect  .   (no cloak)
rCorr    .         Harm     .   (no gloves)
MR       .....                  m - +0 pair of boots
Stlth    +.........             (no amulet)
HPRegen  0.09/turn              l - +1 ring of evasion
MPRegen  0.10/turn              (no ring)

@: lethally poisoned (0 -> -6), berserk cooldown, flying
A: unfitting armour, stinger 1, strong 1, cold-blooded, AC +5
a: no special abilities


You were on level 2 of the Dungeon.
You were not hungry.

You visited 1 branch of the dungeon, and saw 2 of its levels.

You collected 26 gold pieces.

Inventory:

Missiles
 a - 12 arrows
Armour
 m - a +0 pair of boots (worn)
Jewellery
 l - a +1 ring of evasion (left hand)
Scrolls
 d - 4 scrolls of identify {unknown}
 e - a scroll of teleportation {unknown}
 h - a scroll of amnesia {unknown}
 k - a scroll of random uselessness {unknown}
 n - a scroll of immolation {unknown}
Comestibles
 c - 3 rations


   Skills:
 - Level 1.1 Fighting
 - Level 1.7 Dodging
 - Level 3.0 Unarmed Combat
 - Level 2.0 Spellcasting
 + Level 3.8 Transmutations
 * Level 0.5 Poison Magic


You had 2 spell levels left.
You knew the following spells:

 Your Spells              Type           Power        Failure   Level  Hunger
a - Beastly Appendage     Tmut           ##....       5%          1    ##.....
b - Spider Form           Tmut/Pois      #.........   30%         3    ####...

Your spell library contained the following spells:

 Spells                   Type           Power        Failure   Level  Hunger
 Sticks to Snakes         Tmut           ##......     8%          2    ###....
 Ice Form                 Ice/Tmut       #.......     75%         4    #####..
 Blade Hands              Tmut           ##........   82%         5    ######.


Dungeon Overview and Level Annotations

Branches:
Dungeon (2/15)

Altars:
Ashenzari
Fedhas
Qazlal
Xom


Innate Abilities, Weirdness & Mutations

Your plain brown scales are hard. (AC +5)
You cannot fit into any form of body armour.
You are cold-blooded and may be slowed by cold attacks.
Your tail ends in a poisonous barb.
Your muscles are strong. (Str +2)


Message History

There is a lethal amount of poison in your body!
There is a lethal amount of poison in your body!
It was a potion of flight.
You feel very buoyant.
You fly up into the air.
* * * LOW HITPOINT WARNING * * *
You feel sick.
* * * LOW HITPOINT WARNING * * *
You feel sick.
* * * LOW HITPOINT WARNING * * *
You feel sick.
* * * LOW HITPOINT WARNING * * *
You feel sick.
* * * LOW HITPOINT WARNING * * *
You feel sick.
* * * LOW HITPOINT WARNING * * *
You feel sick.
* * * LOW HITPOINT WARNING * * *
You feel sick.
You die...

#### ### #.. ..#
#.# #.# #######.#
#.#
........########@#
#................#
#.################
.........#
#.#......#
#.#.######.# #.#
#.#......... ..#
#.#..###### ..##
#.#.......# ...#


There were no monsters in sight!

Vanquished Creatures
  2 adders (D:2)
  A worm (D:2)
  A dart slug (D:1)
  2 goblins (D:1)
  A hobgoblin (D:1)
  2 jackals (D:1)
  6 bats (D:1)
  5 frilled lizards
  3 kobolds (D:1)
  6 rats
29 creatures vanquished.

Notes
Turn   | Place    | Note
-------+----------+-------------------------------------------
     0 | D:1      | miragecloak the Draconian Transmuter began the quest for
                  | the Orb.
     0 | D:1      | Reached XP level 1. HP: 16/16 MP: 3/3
    94 | D:1      | Reached XP level 2. HP: 23/23 MP: 5/5
   277 | D:1      | Found an ornate altar of the Wu Jian Council.
   279 | D:1      | Found a stormy altar of Qazlal.
   279 | D:1      | Found a blossoming altar of Fedhas.
   282 | D:1      | Found a shimmering altar of Xom.
   282 | D:1      | Found a shattered altar of Ashenzari.
   282 | D:1      | Found a shimmering altar of Xom.
   914 | D:2      | Reached XP level 3. HP: 17/28 MP: 4/6
  1273 | D:2      | Learned a level 3 spell: Spider Form
  1304 | D:2      | Gained mutation: Your muscles are strong. (Str +2) [potion
                  | of mutation]
  1304 | D:2      | Gained mutation: Your tail ends in a poisonous barb.
                  | [potion of mutation]
  1320 | D:2      | HP: 1/28 [poisoned by an adder]
  1322 | D:2      | Succumbed to an adder's poison

Skill      XL: |  1  2 |
---------------+-------+-----
Transmutations | 3 |  3.8
Fighting       | |  1.1
Dodging        | |  1.7
Unarmed Combat | |  3.0
Spellcasting   | |  2.0
Poison Magic   | |  0.5

Action                   || total
-------------------------++-------
Melee: Unarmed           ||   100
       Tailslap          ||    10
       Kick              ||     3
       Headbutt          ||     5
       Punch             ||     2
 Cast: Beastly Appendage ||    18
       Spider Form       ||     1
  Use: Potion            ||     5
  Eat: Chunk             ||     2
Armor: Skin              ||    30
Dodge: Dodged            ||    70
